WCHLSIM.com - West Coast Hockey League
html PUBLIC "-//W3C//DTD XHTML 1.0 Transitional//EN" "http://www.w3.org/TR/xhtml1/DTD/xhtml1-transitional.dtd"> WCHL - Game 662 - KANSAS CITY KILLERBEES vs TEXAS TOROS

KANSAS CITY KILLERBEES vs TEXAS TOROS

Created - 22 janvier 2023 at 07:00

Goals
1 2 3 T
KANSAS CITY KILLERBEES 0 0 1 1
TEXAS TOROS 0 0 2 2
Shots
1 2 3 T
KANSAS CITY KILLERBEES 10 4 9 23
TEXAS TOROS 4 5 13 22

1st period

No Goal

Penalties :
Brandon Duhaime (TEX) for Hooking (Minor) at 0:57, Mikey Eyssimont (TEX) for Interference (Minor) at 3:05, Dante Fabbro (TEX) for Tripping (Minor) at 10:31

2nd period

No Goal

Penalties :
Mikey Eyssimont (TEX) for Cross-checking (Minor) at 6:25

3rd period

1. TEXAS TOROS , Mikey Eyssimont 2 (Bobby Brink 3, Ryan Poehling 5) at 12:49
2. TEXAS TOROS , Taylor Raddysh 4 (Barrett Hayton 15, Tyson Barrie 12) at 18:04
3. KANSAS CITY KILLERBEES , James van Riemsdyk 11 (Zach Aston-Reese 2, Cam Fowler 21) at 18:16

Penalties :
Dante Fabbro (TEX) for High sticking (Minor) at 1:35, Colin Blackwell (TEX) for Hooking (Minor) at 8:09, Buddy Robinson (KCK) for Holding (Minor) at 8:09, Trevor Zegras (TEX) for Holding (Minor) at 15:06

Goalie Stats

Casey DeSmith (KCK), 20 saves from 22 shots - (0,909), L, 3-10-3, 59:32 minutes
Philipp Grubauer (TEX), 22 saves from 23 shots - (0,957), W, 11-18-3, 60:00 minutes

Players Stats for KANSAS CITY KILLERBEES

Player Name              G  A  P  +/- PIM S  H  SB GA TA FO     MP     PP MP  PK MP  
------------------------------------------------------------------------------------
Alexis Lafreniere        0  0  0   1  0   2  0  0  0  0  1/4    14:45   0:56   0:00 
Anders Bjork             0  0  0   0  0   0  0  0  0  0  0/0     9:49   0:00   0:00 
Buddy Robinson           0  0  0  -1  2   1  4  0  0  0  0/0    17:25   5:21   0:00 
Cam Fowler               0  1  1   0  0   3  1  3  0  0  0/0    24:53   6:28   0:00 
Colin Miller             0  0  0  -1  0   1  1  0  0  0  0/0    20:26   5:26   0:00 
Jacob Muzzin             0  0  0   0  0   0  5  0  0  0  0/0    14:41   0:00   0:00 
Jake Lucchini            0  0  0  -1  0   1  0  0  0  0  3/6    10:24   0:00   0:00 
James van Riemsdyk       1  0  1   1  0   5  0  0  0  0  2/4    20:42   5:55   0:00 
K'Andre Miller           0  0  0   0  0   1  4  1  0  0  0/0    24:53   6:28   0:00 
Keith Yandle             0  0  0  -1  0   0  0  1  0  0  0/0    19:46   5:26   0:00 
MacKenzie Entwistle      0  0  0  -1  0   3  0  0  0  0  0/0    10:24   0:00   0:00 
Michael Chaput           0  0  0   0  0   0  0  0  0  0  0/0    11:37   0:50   0:00 
Nicolas Aube-Kubel       0  0  0  -1  0   0  0  0  0  0  0/1    10:24   0:00   0:00 
Ryan Dzingel             0  0  0  -1  0   0  0  0  0  0  0/2    18:04   5:59   0:00 
Tyler Johnson            0  0  0   0  0   0  1  0  0  0  6/15   16:01   5:11   0:00 
Will Butcher             0  0  0   0  0   0  1  1  0  0  0/0    15:21   0:00   0:00 
Yegor Sharangovich       0  0  0  -1  0   2  0  0  0  0  6/17   19:05   5:59   0:00 
Zach Aston-Reese         0  1  1   1  0   4  4  0  0  0  7/17   19:20   5:31   0:00 

Players Stats for TEXAS TOROS

Player Name              G  A  P  +/- PIM S  H  SB GA TA FO     MP     PP MP  PK MP  
------------------------------------------------------------------------------------
Barrett Hayton           0  1  1   1  0   2  0  1  0  0  9/17   19:20   0:00   5:26 
Bobby Brink              0  1  1   0  0   2  0  0  0  0  1/3    14:59   0:00   1:58 
Brandon Duhaime          0  0  0   1  2   0  3  0  0  0  0/1    13:10   0:00   0:00 
Colin Blackwell          0  0  0   0  2   1  2  0  0  0  0/0    18:04   0:00   4:54 
Dante Fabbro             0  0  0   1  4   0  1  0  0  0  0/0    18:52   0:00   4:09 
Dougie Hamilton          0  0  0  -1  0   1  0  3  0  0  0/0    25:51   0:00   6:16 
Johnathan Kovacevic      0  0  0   1  0   0  3  1  0  0  0/0    14:13   0:00   1:23 
Mikey Eyssimont          1  0  1   0  4   1  1  0  0  0  0/1    12:59   0:00   0:00 
Miles Wood               0  0  0   0  0   0  0  0  0  0  0/1     2:05   0:00   0:00 
Nolan Foote              0  0  0   0  0   0  0  0  0  0  1/2     5:48   0:00   0:00 
Owen Power               0  0  0   1  0   0  0  0  0  0  0/0    13:46   0:00   0:00 
Ryan Poehling            0  1  1   0  0   3  0  1  0  0  5/8    14:23   0:00   0:00 
Ryan Suter               0  0  0  -1  0   4  0  3  0  0  0/0    26:53   0:00   6:22 
Taylor Raddysh           1  0  1   1  0   4  0  0  0  0  0/0    13:11   0:00   0:00 
Trevor Zegras            0  0  0   0  2   2  0  0  0  0  21/28  26:06   0:00   5:22 
Tyson Barrie             0  1  1   1  0   1  0  1  0  0  0/0    20:23   0:00   5:38 
Vladislav Namestnikov    0  0  0   0  0   1  0  2  0  0  4/5    20:09   0:00   6:08 
Yegor Chinakhov          0  0  0   0  0   0  0  0  0  0  0/0     5:48   0:00   0:00 

3 Stars

1 - Taylor Raddysh (TEX)
2 - Philipp Grubauer (TEX)
3 - Zach Aston-Reese (KCK)

Power Play

KANSAS CITY KILLERBEES - 0 on 6 Attempt(s) - 0,00%
TEXAS TOROS - 0 on 0 Attempt(s) - 0,00%

Penalty Kill

KANSAS CITY KILLERBEES - 0 on 0 Attempt(s) - 0,00% - Score 0 goal in Penalty Kill
TEXAS TOROS - 6 on 6 Attempt(s) - 100,00% - Score 0 goal in Penalty Kill

Team Stat

KANSAS CITY KILLERBEES - Hits : 21 - Faceoff Wins : 25 - Blocked Shots : 6 - Penalty Minutes : 2
TEXAS TOROS - Hits : 10 - Faceoff Wins : 41 - Blocked Shots : 12 - Penalty Minutes : 14

Official

Referees : Tim Mayer and Steve Kozari
Linesman : Devin Berg and Jonny Murray

Game Notes

No Game Note

Finance

Level 1 -- Attendance: 5271 (81,09%) -- Ticket Income 896 070 $
Level 2 -- Attendance: 4118 (74,87%) -- Ticket Income 494 160 $
Level 3 -- Attendance: 2278 (75,93%) -- Ticket Income 205 020 $
Level 4 -- Attendance: 4580 (91,60%) -- Ticket Income 274 800 $
Luxury Box -- Attendance: 611 (61,10%) -- Ticket Income 244 400 $
Game was played at the Red Bull Arena.
Total Attendance: 16858 (80,28%)
Total Ticket Income: 2 114 450 $
Other Expense: 21 144 $
Total Income: 2 093 306 $

KANSAS CITY KILLERBEES

5 vs 5 Forward 
   Center                   Left Wing                Right Wing               Time % Phy DF OF 
 1 Zach Aston-Reese         James van Riemsdyk       Alexis Lafreniere        36     1   2  2  
 2 Yegor Sharangovich       Ryan Dzingel             Buddy Robinson           31     1   2  2  
 3 Tyler Johnson            Michael Chaput           Anders Bjork             23     1   2  2  
 4 Jake Lucchini            Nicolas Aube-Kubel       MacKenzie Entwistle      10     1   2  2  

5 vs 5 Defense 
   Defense                  Defense                                           Time % Phy DF OF 
 1 Cam Fowler               K'Andre Miller                                    36     1   2  2  
 2 Colin Miller             Keith Yandle                                      31     1   2  2  
 3 Will Butcher             Jacob Muzzin                                      23     1   2  2  
 4 Cam Fowler               K'Andre Miller                                    10     1   2  2  

PowerPlay Forward 
   Center                   Left Wing                Right Wing               Time % Phy DF OF 
 1 Tyler Johnson            James van Riemsdyk       Zach Aston-Reese         55     1   2  2  
 2 Yegor Sharangovich       Ryan Dzingel             Buddy Robinson           45     1   2  2  

PowerPlay Defense
   Defense                  Defense                                           Time % Phy DF OF 
 1 Cam Fowler               K'Andre Miller                                    55     1   2  2  
 2 Colin Miller             Keith Yandle                                      45     1   2  2  

Penalty Kill 4 Players Forward 
   Center                   Wing                     Time % Phy DF OF 
 1 Zach Aston-Reese         Yegor Sharangovich       55     1   2  2  
 2 James van Riemsdyk       Tyler Johnson            45     1   2  2  

Penalty Kill 4 Players Defense
   Defense                  Defense                  Time % Phy DF OF 
 1 Cam Fowler               K'Andre Miller           55     1   2  2  
 2 Colin Miller             Keith Yandle             45     1   2  2  

Penalty Kill - 3 Players Forward 
   Forward                                           Time % Phy DF OF 
 1 James van Riemsdyk                                55     1   2  2  
 2 Yegor Sharangovich                                45     1   2  2  

Penalty Kill - 3 Players Defense
   Defense                  Defense                  Time % Phy DF OF 
 1 Cam Fowler               K'Andre Miller           55     1   2  2  
 2 Colin Miller             Keith Yandle             45     1   2  2  

4 vs 4 Forward 
   Center                   Wing                     Time % Phy DF OF 
 1 Tyler Johnson            Yegor Sharangovich       55     1   2  2  
 2 James van Riemsdyk       Michael Chaput           45     1   2  2  

4 vs 4 Defense
   Defense                  Defense                  Time % Phy DF OF 
 1 Cam Fowler               K'Andre Miller           55     1   2  2  
 2 Colin Miller             Keith Yandle             45     1   2  2  

Last Minutes Offensive
   Center                   Left Wing                Right Wing               Defense                  Defense                  
   Zach Aston-Reese         James van Riemsdyk       Alexis Lafreniere        Cam Fowler               K'Andre Miller           

Last Minutes Defensive
   Center                   Left Wing                Right Wing               Defense                  Defense                  
   Zach Aston-Reese         James van Riemsdyk       Alexis Lafreniere        Cam Fowler               K'Andre Miller           

Goaltenders
Starting : Casey DeSmith            
Backup : Mikhail Berdin           

Extra Forwards
Normal : Tyler Johnson, Michael Chaput, Anders Bjork - PP : Tyler Johnson, Michael Chaput - PK : Anders Bjork
Extra Defensemen
Normal : Will Butcher, Cam Fowler, Colin Miller - PP : Will Butcher - PK : K'Andre Miller, Colin Miller
Penalty Shots
Michael Chaput, Yegor Sharangovich, James van Riemsdyk, Zach Aston-Reese, Tyler Johnson
Custom OT Lines Forwards
Zach Aston-Reese, Yegor Sharangovich, James van Riemsdyk, Alexis Lafreniere, Tyler Johnson, Ryan Dzingel, Michael Chaput, Buddy Robinson, Anders Bjork, Jake Lucchini
Custom OT Lines Defensemen
Cam Fowler, K'Andre Miller, Colin Miller, Keith Yandle, Will Butcher

Scratches
Devante Smith-Pelly (Healthy), Egor Zamula (Healthy), Jakub Zboril (Bruised Left Leg Injury), Maxwell Willman (Healthy), Brett Connolly (Healthy)
Ilya Samsonov (Exhaustion)

TEXAS TOROS

5 vs 5 Forward 
   Center                   Left Wing                Right Wing               Time % Phy DF OF 
 1 Trevor Zegras            Vladislav Namestnikov    Colin Blackwell          36     1   2  2  
 2 Barrett Hayton           Brandon Duhaime          Taylor Raddysh           31     1   2  2  
 3 Ryan Poehling            Mikey Eyssimont          Bobby Brink              23     1   2  2  
 4 Trevor Zegras            Nolan Foote              Yegor Chinakhov          10     1   2  2  

5 vs 5 Defense 
   Defense                  Defense                                           Time % Phy DF OF 
 1 Ryan Suter               Dougie Hamilton                                   36     1   2  2  
 2 Tyson Barrie             Dante Fabbro                                      31     1   2  2  
 3 Owen Power               Johnathan Kovacevic                               23     1   2  2  
 4 Ryan Suter               Dougie Hamilton                                   10     1   2  2  

PowerPlay Forward 
   Center                   Left Wing                Right Wing               Time % Phy DF OF 
 1 Trevor Zegras            Vladislav Namestnikov    Colin Blackwell          55     1   2  2  
 2 Barrett Hayton           Brandon Duhaime          Taylor Raddysh           45     1   2  2  

PowerPlay Defense
   Defense                  Defense                                           Time % Phy DF OF 
 1 Ryan Suter               Dougie Hamilton                                   55     1   2  2  
 2 Tyson Barrie             Dante Fabbro                                      45     1   2  2  

Penalty Kill 4 Players Forward 
   Center                   Wing                     Time % Phy DF OF 
 1 Trevor Zegras            Vladislav Namestnikov    55     1   2  2  
 2 Barrett Hayton           Colin Blackwell          45     1   2  2  

Penalty Kill 4 Players Defense
   Defense                  Defense                  Time % Phy DF OF 
 1 Ryan Suter               Dougie Hamilton          55     1   2  2  
 2 Tyson Barrie             Dante Fabbro             45     1   2  2  

Penalty Kill - 3 Players Forward 
   Forward                                           Time % Phy DF OF 
 1 Trevor Zegras                                     55     1   2  2  
 2 Vladislav Namestnikov                             45     1   2  2  

Penalty Kill - 3 Players Defense
   Defense                  Defense                  Time % Phy DF OF 
 1 Ryan Suter               Dougie Hamilton          55     1   2  2  
 2 Tyson Barrie             Dante Fabbro             45     1   2  2  

4 vs 4 Forward 
   Center                   Wing                     Time % Phy DF OF 
 1 Trevor Zegras            Vladislav Namestnikov    55     1   2  2  
 2 Barrett Hayton           Colin Blackwell          45     1   2  2  

4 vs 4 Defense
   Defense                  Defense                  Time % Phy DF OF 
 1 Ryan Suter               Dougie Hamilton          55     1   2  2  
 2 Tyson Barrie             Dante Fabbro             45     1   2  2  

Last Minutes Offensive
   Center                   Left Wing                Right Wing               Defense                  Defense                  
   Trevor Zegras            Vladislav Namestnikov    Colin Blackwell          Ryan Suter               Dougie Hamilton          

Last Minutes Defensive
   Center                   Left Wing                Right Wing               Defense                  Defense                  
   Trevor Zegras            Vladislav Namestnikov    Colin Blackwell          Ryan Suter               Dougie Hamilton          

Goaltenders
Starting : Philipp Grubauer         
Backup : Adin Hill                

Extra Forwards
Normal : Miles Wood, Ryan Poehling, Bobby Brink - PP : Miles Wood, Ryan Poehling - PK : Bobby Brink
Extra Defensemen
Normal : Owen Power, Johnathan Kovacevic, Tyson Barrie - PP : Owen Power - PK : Johnathan Kovacevic, Tyson Barrie
Penalty Shots
Trevor Zegras, Vladislav Namestnikov, Barrett Hayton, Colin Blackwell, Taylor Raddysh
Custom OT Lines Forwards
Trevor Zegras, Vladislav Namestnikov, Barrett Hayton, Colin Blackwell, Taylor Raddysh, Ryan Poehling, Bobby Brink, Brandon Duhaime, Mikey Eyssimont, Yegor Chinakhov
Custom OT Lines Defensemen
Ryan Suter, Dougie Hamilton, Tyson Barrie, Dante Fabbro, Owen Power

Scratches
Connor Bunnaman (Healthy), Alec Martinez (Left Hand Injury), Nate Schmidt (Torso Injury), Philippe Myers (Abdominal Strain Injury), Richard Panik (Strained Left Elbow Injury)

% Time on Ice - KANSAS CITY KILLERBEES

Lines # - Real PCT - Wanted PCT - Time Play
Normal Forward
1 - 29% - 36% - 13:09
2 - 27% - 31% - 12:05
3 - 22% - 23% - 9:49
4 - 23% - 10% - 10:24
Normal Defense
1 - 35% - 36% - 16:01
2 - 29% - 31% - 13:24
3 - 32% - 23% - 14:41
4 - 3% - 10% - 1:21
PP Forward
1 - 50% - 55% - 5:55
2 - 50% - 45% - 5:59
PP Defense
1 - 54% - 55% - 6:28
2 - 46% - 45% - 5:26
PK Forward
1 - 0% - 55%
2 - 0% - 45%
PK Defense
1 - 0% - 55%
2 - 0% - 45%
PK3 Forward
1 - 0% - 55%
2 - 0% - 45%
PK3 Defense
1 - 0% - 55%
2 - 0% - 45%
44 Forward
1 - 51% - 55% - 1:01
2 - 49% - 45% - 0:58
44 Defense
1 - 53% - 55% - 1:03
2 - 47% - 45% - 0:56
Last Minute Offensive  - 0:40
Last Minute Defensive  - 0:00
Total
Forward - 60:00
Defense - 60:00

% Time on Ice - TEXAS TOROS

Lines # - Real PCT - Wanted PCT - Time Play
Normal Forward
1 - 29% - 36% - 13:11
2 - 29% - 31% - 13:11
3 - 29% - 23% - 13:01
4 - 13% - 10% - 5:48
Normal Defense
1 - 37% - 36% - 16:40
2 - 30% - 31% - 13:24
3 - 28% - 23% - 12:50
4 - 5% - 10% - 2:17
PP Forward
1 - 0% - 55%
2 - 0% - 45%
PP Defense
1 - 0% - 55%
2 - 0% - 45%
PK Forward
1 - 55% - 55% - 6:34
2 - 45% - 45% - 5:20
PK Defense
1 - 53% - 55% - 6:16
2 - 47% - 45% - 5:38
PK3 Forward
1 - 0% - 55%
2 - 0% - 45%
PK3 Defense
1 - 0% - 55%
2 - 0% - 45%
44 Forward
1 - 64% - 55% - 1:16
2 - 36% - 45% - 0:43
44 Defense
1 - 32% - 55% - 0:38
2 - 68% - 45% - 1:21
Last Minute Offensive  - 0:00
Last Minute Defensive  - 0:56
Total
Forward - 60:00
Defense - 60:00

Play-by-Play

1st period


0:01 of 1st period - Trevor Zegras wins face-off versus Zach Aston-Reese in neutral zone.
0:40 of 1st period - Trevor Zegras is hit by K'Andre Miller.
0:57 of 1st period - Minor Penalty to Brandon Duhaime for Hooking.
0:58 of 1st period - Trevor Zegras wins face-off versus Yegor Sharangovich in TEXAS TOROS zone.
1:25 of 1st period - Shot by Buddy Robinson.
1:25 of 1st period - Stopped by Philipp Grubauer without a rebound.
1:26 of 1st period - Trevor Zegras wins face-off versus Tyler Johnson in TEXAS TOROS zone.
2:33 of 1st period - Shot by Ryan Dzingel.
2:33 of 1st period - Shot Misses the Net.
3:05 of 1st period - Minor Penalty to Mikey Eyssimont for Interference.
3:06 of 1st period - Tyler Johnson wins face-off versus Trevor Zegras in TEXAS TOROS zone.
3:16 of 1st period - Icing by Cam Fowler.
3:17 of 1st period - Tyler Johnson wins face-off versus Barrett Hayton in KANSAS CITY KILLERBEES zone.
4:08 of 1st period - Shot by Ryan Dzingel.
4:08 of 1st period - Shot Blocked by Vladislav Namestnikov.
4:24 of 1st period - Shot by Cam Fowler.
4:24 of 1st period - Stopped by Philipp Grubauer without a rebound.
4:25 of 1st period - Trevor Zegras wins face-off versus Tyler Johnson in TEXAS TOROS zone.
5:14 of 1st period - Shot by MacKenzie Entwistle.
5:14 of 1st period - Stopped by Philipp Grubauer without a rebound.
5:15 of 1st period - Barrett Hayton wins face-off versus Nicolas Aube-Kubel in TEXAS TOROS zone.
5:28 of 1st period - Shot by Taylor Raddysh.
5:28 of 1st period - Shot Misses the Net.
5:33 of 1st period - Barrett Hayton is hit by Jacob Muzzin and loses puck.
5:42 of 1st period - Shot by Taylor Raddysh.
5:42 of 1st period - Stopped by Casey DeSmith without a rebound.
5:43 of 1st period - Yegor Sharangovich wins face-off versus Bobby Brink in KANSAS CITY KILLERBEES zone.
6:10 of 1st period - Shot by Bobby Brink.
6:10 of 1st period - Stopped by Casey DeSmith with a rebound.
7:19 of 1st period - Icing by Cam Fowler.
7:20 of 1st period - Tyler Johnson wins face-off versus Barrett Hayton in KANSAS CITY KILLERBEES zone.
7:57 of 1st period - Icing by Barrett Hayton.
7:58 of 1st period - Zach Aston-Reese wins face-off versus Barrett Hayton in TEXAS TOROS zone.
8:09 of 1st period - Shot by James van Riemsdyk.
8:09 of 1st period - Shot Misses the Net.
8:11 of 1st period - Shot by James van Riemsdyk.
8:11 of 1st period - Shot Misses the Net.
8:13 of 1st period - Shot by Jacob Muzzin.
8:13 of 1st period - Shot Misses the Net.
8:15 of 1st period - Shot by Alexis Lafreniere.
8:15 of 1st period - Stopped by Philipp Grubauer without a rebound.
8:16 of 1st period - Jake Lucchini wins face-off versus Nolan Foote in TEXAS TOROS zone.
8:44 of 1st period - Shot by MacKenzie Entwistle.
8:44 of 1st period - Stopped by Philipp Grubauer without a rebound.
8:45 of 1st period - Ryan Poehling wins face-off versus Zach Aston-Reese in TEXAS TOROS zone.
8:45 of 1st period - Ryan Poehling is hit by Zach Aston-Reese.
8:56 of 1st period - Off-side.
8:57 of 1st period - Trevor Zegras wins face-off versus Tyler Johnson in neutral zone.
9:00 of 1st period - Keith Yandle is hit by Colin Blackwell and loses puck.
10:31 of 1st period - Minor Penalty to Dante Fabbro for Tripping.
10:32 of 1st period - Yegor Sharangovich wins face-off versus Trevor Zegras in TEXAS TOROS zone.
10:37 of 1st period - Shot by Yegor Sharangovich.
10:37 of 1st period - Stopped by Philipp Grubauer without a rebound.
10:38 of 1st period - Trevor Zegras wins face-off versus Yegor Sharangovich in TEXAS TOROS zone.
11:30 of 1st period - Shot by K'Andre Miller.
11:30 of 1st period - Stopped by Philipp Grubauer without a rebound.
11:31 of 1st period - Tyler Johnson wins face-off versus Trevor Zegras in TEXAS TOROS zone.
11:32 of 1st period - Shot by Cam Fowler.
11:32 of 1st period - Stopped by Philipp Grubauer without a rebound.
11:33 of 1st period - James van Riemsdyk wins face-off versus Barrett Hayton in TEXAS TOROS zone.
11:34 of 1st period - Shot by Zach Aston-Reese.
11:34 of 1st period - Shot Blocked by Dougie Hamilton.
12:46 of 1st period - Ryan Dzingel is hit by Johnathan Kovacevic and loses puck.
12:52 of 1st period - Ryan Dzingel is hit by Johnathan Kovacevic and loses puck.
13:01 of 1st period - Shot by Buddy Robinson.
13:01 of 1st period - Shot Misses the Net.
13:40 of 1st period - Shot by Barrett Hayton.
13:40 of 1st period - Shot Misses the Net.
13:54 of 1st period - Shot by Taylor Raddysh.
13:54 of 1st period - Shot Blocked by Keith Yandle.
14:46 of 1st period - Shot by Vladislav Namestnikov.
14:46 of 1st period - Shot Blocked by K'Andre Miller.
14:48 of 1st period - Shot by Vladislav Namestnikov.
14:48 of 1st period - Deflect By Trevor Zegras.
14:48 of 1st period - Stopped by Casey DeSmith without a rebound.
14:49 of 1st period - Trevor Zegras wins face-off versus James van Riemsdyk in KANSAS CITY KILLERBEES zone.
14:52 of 1st period - Shot by Trevor Zegras.
14:52 of 1st period - Stopped by Casey DeSmith without a rebound.
14:53 of 1st period - Zach Aston-Reese wins face-off versus Ryan Poehling in KANSAS CITY KILLERBEES zone.
15:01 of 1st period - Icing by Jacob Muzzin.
15:02 of 1st period - Barrett Hayton wins face-off versus Zach Aston-Reese in KANSAS CITY KILLERBEES zone.
16:25 of 1st period - Dante Fabbro is hit by Buddy Robinson and loses puck.
17:44 of 1st period - Shot by Will Butcher.
17:44 of 1st period - Shot Blocked by Ryan Poehling.
18:12 of 1st period - Shot by James van Riemsdyk.
18:12 of 1st period - Stopped by Philipp Grubauer with a rebound.
18:14 of 1st period - Shot by Zach Aston-Reese.
18:14 of 1st period - Stopped by Philipp Grubauer without a rebound.
18:15 of 1st period - Trevor Zegras wins face-off versus Yegor Sharangovich in TEXAS TOROS zone.
18:27 of 1st period - Trevor Zegras is hit by K'Andre Miller and loses puck.
19:11 of 1st period - Shot by James van Riemsdyk.
19:11 of 1st period - Shot Blocked by Dougie Hamilton.
19:13 of 1st period - Shot by Zach Aston-Reese.
19:13 of 1st period - Shot Misses the Net.
Goals for this period are 0 for KANSAS CITY KILLERBEES vs 0 for TEXAS TOROS.
Shots for this period are 10 for KANSAS CITY KILLERBEES vs 4 for TEXAS TOROS.

2nd period


0:01 of 2nd period - Vladislav Namestnikov wins face-off versus Zach Aston-Reese in neutral zone.
0:10 of 2nd period - Vladislav Namestnikov is hit by Zach Aston-Reese and loses puck.
0:23 of 2nd period - Shot by Colin Blackwell.
0:23 of 2nd period - Stopped by Casey DeSmith without a rebound.
0:24 of 2nd period - Barrett Hayton wins face-off versus Ryan Dzingel in KANSAS CITY KILLERBEES zone.
0:49 of 2nd period - Brandon Duhaime is hit by Buddy Robinson and loses puck.
1:50 of 2nd period - Trevor Zegras is hit by K'Andre Miller and loses puck.
2:10 of 2nd period - Trevor Zegras is hit by Jacob Muzzin and loses puck.
2:14 of 2nd period - Icing by Jacob Muzzin.
2:15 of 2nd period - Ryan Poehling wins face-off versus Tyler Johnson in KANSAS CITY KILLERBEES zone.
2:24 of 2nd period - Shot by Ryan Poehling.
2:24 of 2nd period - Stopped by Casey DeSmith with a rebound.
3:20 of 2nd period - K'Andre Miller is hit by Brandon Duhaime and loses puck.
4:06 of 2nd period - Icing by K'Andre Miller.
4:07 of 2nd period - Trevor Zegras wins face-off versus Jake Lucchini in KANSAS CITY KILLERBEES zone.
5:20 of 2nd period - Shot by Ryan Poehling.
5:20 of 2nd period - Stopped by Casey DeSmith without a rebound.
5:21 of 2nd period - Yegor Sharangovich wins face-off versus Brandon Duhaime in KANSAS CITY KILLERBEES zone.
5:21 of 2nd period - Yegor Sharangovich is hit by Brandon Duhaime.
5:33 of 2nd period - Shot by Taylor Raddysh.
5:33 of 2nd period - Stopped by Casey DeSmith without a rebound.
5:34 of 2nd period - Ryan Poehling wins face-off versus Tyler Johnson in KANSAS CITY KILLERBEES zone.
5:34 of 2nd period - Ryan Poehling is hit by Jacob Muzzin.
6:25 of 2nd period - Minor Penalty to Mikey Eyssimont for Cross-checking.
6:26 of 2nd period - Trevor Zegras wins face-off versus Yegor Sharangovich in TEXAS TOROS zone.
6:26 of 2nd period - Trevor Zegras is hit by Buddy Robinson.
6:59 of 2nd period - Shot by Yegor Sharangovich.
6:59 of 2nd period - Shot Misses the Net.
7:01 of 2nd period - Shot by Yegor Sharangovich.
7:01 of 2nd period - Shot Misses the Net.
7:25 of 2nd period - Shot by James van Riemsdyk.
7:25 of 2nd period - Shot Blocked by Dougie Hamilton.
7:27 of 2nd period - Shot by Zach Aston-Reese.
7:27 of 2nd period - Deflect By James van Riemsdyk.
7:27 of 2nd period - Shot Blocked by Ryan Suter.
7:29 of 2nd period - Shot by Zach Aston-Reese.
7:29 of 2nd period - Stopped by Philipp Grubauer with a rebound.
7:31 of 2nd period - Shot by Colin Miller.
7:31 of 2nd period - Stopped by Philipp Grubauer without a rebound.
7:32 of 2nd period - James van Riemsdyk wins face-off versus Trevor Zegras in TEXAS TOROS zone.
8:01 of 2nd period - Shot by James van Riemsdyk.
8:01 of 2nd period - Shot Misses the Net.
8:33 of 2nd period - Shot by MacKenzie Entwistle.
8:33 of 2nd period - Stopped by Philipp Grubauer without a rebound.
8:34 of 2nd period - Jake Lucchini wins face-off versus Bobby Brink in TEXAS TOROS zone.
8:37 of 2nd period - Shot by Nicolas Aube-Kubel.
8:37 of 2nd period - Shot Misses the Net.
8:39 of 2nd period - Shot by MacKenzie Entwistle.
8:39 of 2nd period - Deflect By Jake Lucchini.
8:39 of 2nd period - Stopped by Philipp Grubauer with a rebound.
8:49 of 2nd period - Shot by Mikey Eyssimont.
8:49 of 2nd period - Shot Blocked by Will Butcher.
10:36 of 2nd period - Tyson Barrie is hit by Buddy Robinson and loses puck.
11:53 of 2nd period - Shot by Alexis Lafreniere.
11:53 of 2nd period - Shot Misses the Net.
12:00 of 2nd period - Icing by Trevor Zegras.
12:01 of 2nd period - Trevor Zegras wins face-off versus Tyler Johnson in TEXAS TOROS zone.
12:01 of 2nd period - Trevor Zegras is hit by Tyler Johnson.
13:39 of 2nd period - Bobby Brink is hit by Colin Miller and loses puck.
13:47 of 2nd period - Colin Miller is hit by Johnathan Kovacevic and loses puck.
16:16 of 2nd period - Icing by Jacob Muzzin.
16:17 of 2nd period - Vladislav Namestnikov wins face-off versus Yegor Sharangovich in KANSAS CITY KILLERBEES zone.
16:46 of 2nd period - Shot by Trevor Zegras.
16:46 of 2nd period - Shot Misses the Net.
17:10 of 2nd period - Shot by James van Riemsdyk.
17:10 of 2nd period - Shot Blocked by Barrett Hayton.
17:58 of 2nd period - Icing by Cam Fowler.
17:59 of 2nd period - Ryan Poehling wins face-off versus Alexis Lafreniere in KANSAS CITY KILLERBEES zone.
18:17 of 2nd period - Nicolas Aube-Kubel is hit by Mikey Eyssimont.
18:35 of 2nd period - Shot by MacKenzie Entwistle.
18:35 of 2nd period - Shot Blocked by Ryan Suter.
18:58 of 2nd period - Off-side.
18:59 of 2nd period - Trevor Zegras wins face-off versus Yegor Sharangovich in neutral zone.
19:02 of 2nd period - Shot by Tyson Barrie.
19:02 of 2nd period - Stopped by Casey DeSmith without a rebound.
19:03 of 2nd period - Yegor Sharangovich wins face-off versus Trevor Zegras in KANSAS CITY KILLERBEES zone.
19:03 of 2nd period - Yegor Sharangovich is hit by Colin Blackwell.
19:16 of 2nd period - Shot by Vladislav Namestnikov.
19:16 of 2nd period - Deflect By Trevor Zegras.
19:16 of 2nd period - Shot Misses the Net.
19:18 of 2nd period - Shot by Tyson Barrie.
19:18 of 2nd period - Shot Misses the Net.
19:31 of 2nd period - Icing by Jacob Muzzin.
19:32 of 2nd period - Barrett Hayton wins face-off versus Ryan Dzingel in KANSAS CITY KILLERBEES zone.
Goals for this period are 0 for KANSAS CITY KILLERBEES vs 0 for TEXAS TOROS.
Shots for this period are 4 for KANSAS CITY KILLERBEES vs 5 for TEXAS TOROS.

3rd period


0:01 of 3rd period - Trevor Zegras wins face-off versus Zach Aston-Reese in neutral zone.
0:55 of 3rd period - Icing by Cam Fowler.
0:56 of 3rd period - Barrett Hayton wins face-off versus Alexis Lafreniere in KANSAS CITY KILLERBEES zone.
1:25 of 3rd period - Shot by Brandon Duhaime.
1:25 of 3rd period - Shot Misses the Net.
1:34 of 3rd period - Yegor Sharangovich is hit by Dante Fabbro.
1:35 of 3rd period - Minor Penalty to Dante Fabbro for High sticking.
1:36 of 3rd period - Trevor Zegras wins face-off versus Yegor Sharangovich in TEXAS TOROS zone.
1:48 of 3rd period - Icing by Yegor Sharangovich.
1:49 of 3rd period - Trevor Zegras wins face-off versus Yegor Sharangovich in KANSAS CITY KILLERBEES zone.
2:42 of 3rd period - Shot by Zach Aston-Reese.
2:42 of 3rd period - Deflect By James van Riemsdyk.
2:42 of 3rd period - Stopped by Philipp Grubauer with a rebound.
2:44 of 3rd period - Shot by Cam Fowler.
2:44 of 3rd period - Shot Blocked by Ryan Suter.
3:52 of 3rd period - Shot by MacKenzie Entwistle.
3:52 of 3rd period - Shot Misses the Net.
4:32 of 3rd period - Icing by Jacob Muzzin.
4:33 of 3rd period - Trevor Zegras wins face-off versus Jake Lucchini in KANSAS CITY KILLERBEES zone.
4:33 of 3rd period - Trevor Zegras is hit by Jacob Muzzin.
4:50 of 3rd period - Trevor Zegras is hit by Jacob Muzzin.
4:59 of 3rd period - Yegor Chinakhov is hit by Will Butcher and loses puck.
5:02 of 3rd period - Shot by Ryan Suter.
5:02 of 3rd period - Stopped by Casey DeSmith with a rebound.
5:04 of 3rd period - Shot by Ryan Suter.
5:04 of 3rd period - Shot Misses the Net.
5:06 of 3rd period - Shot by Ryan Suter.
5:06 of 3rd period - Stopped by Casey DeSmith with a rebound.
5:08 of 3rd period - Shot by Dougie Hamilton.
5:08 of 3rd period - Stopped by Casey DeSmith without a rebound.
5:09 of 3rd period - Barrett Hayton wins face-off versus Zach Aston-Reese in KANSAS CITY KILLERBEES zone.
5:17 of 3rd period - Off-side.
5:18 of 3rd period - Ryan Poehling wins face-off versus Yegor Sharangovich in neutral zone.
5:27 of 3rd period - Shot by Bobby Brink.
5:27 of 3rd period - Shot Misses the Net.
5:43 of 3rd period - Shot by Ryan Dzingel.
5:43 of 3rd period - Shot Blocked by Tyson Barrie.
5:45 of 3rd period - Shot by Buddy Robinson.
5:45 of 3rd period - Shot Misses the Net.
5:47 of 3rd period - Shot by Yegor Sharangovich.
5:47 of 3rd period - Stopped by Philipp Grubauer without a rebound.
5:48 of 3rd period - Trevor Zegras wins face-off versus Zach Aston-Reese in TEXAS TOROS zone.
5:48 of 3rd period - Trevor Zegras is hit by Zach Aston-Reese.
5:51 of 3rd period - Icing by Vladislav Namestnikov.
5:52 of 3rd period - Trevor Zegras wins face-off versus Zach Aston-Reese in TEXAS TOROS zone.
6:00 of 3rd period - Icing by Zach Aston-Reese.
6:01 of 3rd period - Trevor Zegras wins face-off versus Zach Aston-Reese in KANSAS CITY KILLERBEES zone.
6:23 of 3rd period - Icing by Colin Miller.
6:24 of 3rd period - Zach Aston-Reese wins face-off versus Barrett Hayton in KANSAS CITY KILLERBEES zone.
6:29 of 3rd period - Shot by James van Riemsdyk.
6:29 of 3rd period - Stopped by Philipp Grubauer without a rebound.
6:30 of 3rd period - Yegor Sharangovich wins face-off versus Barrett Hayton in TEXAS TOROS zone.
6:39 of 3rd period - Shot by Barrett Hayton.
6:39 of 3rd period - Shot Blocked by Cam Fowler.
6:41 of 3rd period - Shot by Barrett Hayton.
6:41 of 3rd period - Shot Misses the Net.
6:46 of 3rd period - Barrett Hayton is hit by Cam Fowler and loses puck.
6:49 of 3rd period - Shot by Ryan Suter.
6:49 of 3rd period - Stopped by Casey DeSmith without a rebound.
6:50 of 3rd period - Vladislav Namestnikov wins face-off versus Alexis Lafreniere in KANSAS CITY KILLERBEES zone.
6:53 of 3rd period - Shot by Vladislav Namestnikov.
6:53 of 3rd period - Stopped by Casey DeSmith without a rebound.
6:54 of 3rd period - Zach Aston-Reese wins face-off versus Trevor Zegras in KANSAS CITY KILLERBEES zone.
7:27 of 3rd period - Shot by Zach Aston-Reese.
7:27 of 3rd period - Shot Misses the Net.
8:09 of 3rd period - Minor Penalty to Colin Blackwell for Hooking.
8:09 of 3rd period - Minor Penalty to Buddy Robinson for Holding.
8:10 of 3rd period - Barrett Hayton wins face-off versus Tyler Johnson in neutral zone.
8:14 of 3rd period - Off-side.
8:15 of 3rd period - Tyler Johnson wins face-off versus Miles Wood in neutral zone.
8:40 of 3rd period - Shot by Ryan Poehling.
8:40 of 3rd period - Stopped by Casey DeSmith without a rebound.
8:41 of 3rd period - Trevor Zegras wins face-off versus James van Riemsdyk in KANSAS CITY KILLERBEES zone.
9:58 of 3rd period - Shot by Dougie Hamilton.
9:58 of 3rd period - Shot Misses the Net.
10:00 of 3rd period - Shot by Dougie Hamilton.
10:00 of 3rd period - Shot Misses the Net.
10:02 of 3rd period - Shot by Dougie Hamilton.
10:02 of 3rd period - Shot Hit the Post.
10:04 of 3rd period - Shot by Dougie Hamilton.
10:04 of 3rd period - Shot Misses the Net.
10:19 of 3rd period - Off-side.
10:20 of 3rd period - Yegor Sharangovich wins face-off versus Ryan Poehling in neutral zone.
10:42 of 3rd period - Shot by Bobby Brink.
10:42 of 3rd period - Stopped by Casey DeSmith without a rebound.
10:43 of 3rd period - Jake Lucchini wins face-off versus Barrett Hayton in KANSAS CITY KILLERBEES zone.
10:43 of 3rd period - Jake Lucchini is hit by Brandon Duhaime.
10:50 of 3rd period - Off-side.
10:51 of 3rd period - Barrett Hayton wins face-off versus Zach Aston-Reese in neutral zone.
11:06 of 3rd period - Shot by Alexis Lafreniere.
11:06 of 3rd period - Shot Misses the Net.
11:08 of 3rd period - Shot by Zach Aston-Reese.
11:08 of 3rd period - Stopped by Philipp Grubauer without a rebound.
11:09 of 3rd period - Nolan Foote wins face-off versus Yegor Sharangovich in TEXAS TOROS zone.
11:58 of 3rd period - Shot by Taylor Raddysh.
11:58 of 3rd period - Stopped by Casey DeSmith with a rebound.
12:00 of 3rd period - Shot by Ryan Suter.
12:00 of 3rd period - Stopped by Casey DeSmith with a rebound.
12:35 of 3rd period - Shot by Brandon Duhaime.
12:35 of 3rd period - Shot Blocked by Cam Fowler.
12:49 of 3rd period - Shot by Mikey Eyssimont.
12:49 of 3rd period - Goal by Mikey Eyssimont - KANSAS CITY KILLERBEES : 0 - TEXAS TOROS : 1.
12:50 of 3rd period - Zach Aston-Reese wins face-off versus Vladislav Namestnikov in neutral zone.
12:58 of 3rd period - Shot by James van Riemsdyk.
12:58 of 3rd period - Shot Blocked by Johnathan Kovacevic.
13:04 of 3rd period - Shot by Zach Aston-Reese.
13:04 of 3rd period - Stopped by Philipp Grubauer with a rebound.
13:06 of 3rd period - Shot by James van Riemsdyk.
13:06 of 3rd period - Shot Blocked by Vladislav Namestnikov.
13:08 of 3rd period - Shot by Alexis Lafreniere.
13:08 of 3rd period - Shot Misses the Net.
13:10 of 3rd period - Shot by Zach Aston-Reese.
13:10 of 3rd period - Deflect By James van Riemsdyk.
13:10 of 3rd period - Stopped by Philipp Grubauer without a rebound.
13:11 of 3rd period - Tyler Johnson wins face-off versus Ryan Poehling in TEXAS TOROS zone.
14:55 of 3rd period - Shot by Barrett Hayton.
14:55 of 3rd period - Stopped by Casey DeSmith with a rebound.
14:59 of 3rd period - Shot by Barrett Hayton.
14:59 of 3rd period - Shot Misses the Net.
15:01 of 3rd period - Shot by Barrett Hayton.
15:01 of 3rd period - Stopped by Casey DeSmith without a rebound.
15:02 of 3rd period - Zach Aston-Reese wins face-off versus Trevor Zegras in KANSAS CITY KILLERBEES zone.
15:06 of 3rd period - Minor Penalty to Trevor Zegras for Holding.
15:07 of 3rd period - Bobby Brink wins face-off versus Yegor Sharangovich in TEXAS TOROS zone.
15:33 of 3rd period - Shot by Cam Fowler.
15:33 of 3rd period - Stopped by Philipp Grubauer without a rebound.
15:34 of 3rd period - Alexis Lafreniere wins face-off versus Barrett Hayton in TEXAS TOROS zone.
15:43 of 3rd period - Shot by Zach Aston-Reese.
15:43 of 3rd period - Shot Misses the Net.
15:49 of 3rd period - Shot by Alexis Lafreniere.
15:49 of 3rd period - Stopped by Philipp Grubauer with a rebound.
16:54 of 3rd period - Off-side.
16:55 of 3rd period - Vladislav Namestnikov wins face-off versus Tyler Johnson in neutral zone.
17:36 of 3rd period - Icing by Colin Miller.
17:37 of 3rd period - Barrett Hayton wins face-off versus Jake Lucchini in KANSAS CITY KILLERBEES zone.
17:52 of 3rd period - Shot by Barrett Hayton.
17:52 of 3rd period - Shot Misses the Net.
18:00 of 3rd period - Shot by Barrett Hayton.
18:00 of 3rd period - Shot Misses the Net.
18:04 of 3rd period - Shot by Barrett Hayton.
18:04 of 3rd period - Deflect By Taylor Raddysh.
18:04 of 3rd period - Goal by Taylor Raddysh - KANSAS CITY KILLERBEES : 0 - TEXAS TOROS : 2.
18:05 of 3rd period - Zach Aston-Reese wins face-off versus Mikey Eyssimont in neutral zone.
18:16 of 3rd period - Shot by James van Riemsdyk.
18:16 of 3rd period - Goal by James van Riemsdyk - KANSAS CITY KILLERBEES : 1 - TEXAS TOROS : 2.
18:17 of 3rd period - Trevor Zegras wins face-off versus Tyler Johnson in neutral zone.
18:23 of 3rd period - Ryan Suter is hit by K'Andre Miller and loses puck.
18:39 of 3rd period - Shot by Dougie Hamilton.
18:39 of 3rd period - Shot Blocked by Cam Fowler.
19:29 of 3rd period - Ryan Suter is hit by Zach Aston-Reese and loses puck.
19:32 of 3rd period - KANSAS CITY KILLERBEES, Casey DeSmith is pulled from the net.
Goals for this period are 1 for KANSAS CITY KILLERBEES vs 2 for TEXAS TOROS.
Shots for this period are 9 for KANSAS CITY KILLERBEES vs 13 for TEXAS TOROS.


SEBASTIAN
AHO
MARK
SCHEIFELE
JAKE
OETTINGER

EAST COAST

HOCKEY LEAGUE

  • 17.QUE3CHI2
  • 18.CHA2LIM4
  • 19.TRV3LON2
  • 20.CHW1BAL2
  • 21.PITMAN
  • 22.ATLNHW
  • 23.WORPET
  • 24.RHI